 Dungeon Sprint DCSS version 0.25-a0-701-gb30f108f01 (webtiles) character file.

Game seed: 14504622968548866813, levelgen mode: deterministic

36651 MordorOrchid the Devastator (level 13, -6/82 HPs)
             Began as a Gargoyle Venom Mage on Apr 3, 2020.
             Was the Champion of Sif Muna.
             Engulfed by a cloud of freezing vapour (14 damage)
             ... in the Dungeon (Sprint IX: "|||||||||||||||||||||||||||||").
             The game lasted 00:51:12 (3010 turns).

MordorOrchid the Devastator (Gargoyle Venom Mage)   Turns: 3010, Time: 00:51:12

Health: -6/82      AC: 24    Str: 13    XL:     13   Next: 91%
Magic:  5/32       EV: 18    Int: 20    God:    Sif Muna [******]
Gold:   840        SH:  0    Dex: 10    Spells: 5/42 levels left

rFire    . . .     SeeInvis +   j - +3 longbow (flame)
rCold    . . .     Gourm    .   (shield currently unavailable)
rNeg     + . .     Faith    .   J - +0 swamp dragon scales
rPois    ∞         Spirit   .   E - +0 hat {SInv}
rElec    +         Reflect  .   D - +0 cloak
rCorr    .         Harm     .   L - +1 pair of gloves
MR       .....     NoTele   +   s - +0 pair of boots
Stlth    +.........             (no amulet)
HPRegen  0.23/turn              u - +2 ring of evasion
MPRegen  0.23/turn              Z - ring of wizardry

@: no status effects
A: negative energy resistance 1, electricity resistance, unbreathing,
petrification resistance, rot immunity, AC +9
a: Channel Magic, Forget Spell, Divine Exegesis, Renounce Religion


You were in the Dungeon.
You worshipped Sif Muna.
Sif Muna was exalted by your worship.
You were hungry.

You visited 1 branch You collected 1920 gold pieces.
You spent 1080 gold pieces at shops.

Inventory:

Hand Weapons
 j - a +3 longbow of flaming (weapon)
 o - a +2 halberd of venom
 p - a +3 scimitar of flaming
 q - a +3 war axe of venom
 v - a +3 vorpal hand crossbow
 y - a +6 short sword of speed
Missiles
 h - 122 arrows (quivered)
 M - 31 javelins
 O - 4 boomerangs
Armour
 s - a +0 pair of boots (worn)
 D - a +0 cloak (worn)
 E - a +0 hat of see invisible (worn)
 F - a +1 robe of resistance
 J - +0 swamp dragon scales (worn)
 L - a +1 pair of gloves (worn)
Magical Staves
 x - an uncursed staff of energy
Jewellery
 b - an uncursed ring of fire
 u - a +2 ring of evasion (left hand)
 H - an uncursed ring of ice
 I - an uncursed ring of protection from cold
 K - an uncursed ring of protection from fire
 Z - a ring of wizardry (right hand)
Wands
 n - a wand of acid (5)
Scrolls
 a - 5 scrolls of identify
 f - 2 scrolls of enchant armour
 i - 2 scrolls of blinking
 l - 5 scrolls of remove curse
 m - 2 scrolls of amnesia
 A - 2 scrolls of fear
 B - a scroll of fog
 C - a scroll of enchant weapon
 G - 2 scrolls of immolation
Potions
 d - 3 potions of curing
 e - 9 potions of heal wounds
 g - 4 potions of magic
 k - a potion of haste
 r - a potion of berserk rage
 t - a potion of mutation
 w - 2 potions of brilliance
 z - a potion of might
Comestibles
 c - 10 rations
 N - 10 chunks of flesh


   Skills:
 - Level 10.1 Fighting
 - Level 9.2 Armour
 * Level 13.1 Dodging
 - Level 3.0 Stealth
 + Level 15.2 Spellcasting
 * Level 16.1 Conjurations
 - Level 5.0 Summonings
 - Level 2.4 Transmutations
 * Level 11.1 Fire Magic
 * Level 8.5 Ice Magic
 - Level 8.1 Air Magic
 - Level 6.2 Poison Magic
 - Level 9.0 Invocations
 - Level 9.1 Evocations


You had 5 spell levels left.
You knew the following spells:

 Your Spells              Type           Power        Failure   Level  Hunger
a - Sting                 Tmut/Pois      ####         1%          1    None
b - Olgreb's Toxic Radia  Pois           #####...     2%          4    None
c - Call Imp              Summ           #####...     1%          2    None
d - Ignite Poison         Fire/Tmut/Pois #####...     1%          3    None
f - Lightning Bolt        Conj/Air       ######....   1%          5    ###....
g - Mephitic Cloud        Conj/Pois/Air  ######..     1%          3    None
j - Summon Lightning Spi  Summ/Air       #####...     1%          4    None
l - Freezing Cloud        Conj/Ice/Air   ######....   5%          6    #####..
p - Poisonous Vapours     Pois/Air       #####.       1%          2    None
r - Irradiate             Conj/Tmut      ######....   1%          5    ###....
s - Sticks to Snakes      Tmut           ###.....     1%          2    None

Your spell library contained the following spells:

 Spells                   Type           Power        Failure   Level  Hunger
 Magic Dart               Conj           ####         0%          1    None
 Searing Ray              Conj           ######       0%          2    None
 Beastly Appendage        Tmut           ###...       1%          1    None
 Foxfire                  Conj/Fire      ####         1%          1    None
 Freeze                   Ice            ####         1%          1    None
 Shock                    Conj/Air       ####         1%          1    None
 Summon Butterflies       Summ           #####...     1%          1    None
 Ensorcelled Hibernation  Hex/Ice        ####..       1%          2    None
 Swiftness                Chrm/Air       ####....     1%          2    None
 Conjure Flame            Conj/Fire      ######..     1%          3    None
 Dazzling Flash           Conj/Hex       #####.       1%          3    None
 Inner Flame              Hex/Fire       #####...     1%          3    None
 Ozocubu's Armour         Chrm/Ice       ####....     1%          3    None
 Spider Form              Tmut/Pois      ####......   1%          3    None
 Static Discharge         Conj/Air       ######..     1%          3    None
 Stone Arrow              Conj/Erth      #####.       1%          3    None
 Fulminant Prism          Conj/Hex       #####.....   1%          4    None
 Hailstorm                Conj/Ice       ######..     1%          4    None
 Sticky Flame             Conj/Fire      ######..     1%          4    None
 Bolt of Magma            Conj/Fire/Erth ######....   1%          5    ###....
 Fireball                 Conj/Fire      ######....   1%          5    ###....
 Summon Guardian Golem    Hex/Summ       ####....     3%          3    None
 Ice Form                 Ice/Tmut       #####...     3%          4    None
 Iskenderun's Battlesphe  Conj/Chrm      #####...     3%          5    ###....
 Slow                     Hex            ###.....     4%          2    None
 Confusing Touch          Hex            ###.....     9%          3    None
 Gell's Gravitas          Tloc           ###.......   9%          3    None
 Tukima's Dance           Hex            ###.....     9%          3    None
 Aura of Abjuration       Summ           #####.....   11%         5    ###....
 Summon Demon             Summ           #####.....   11%         5    ###....
 Metabolic Englaciation   Hex/Ice        ####......   14%         5    ###....
 Silence                  Hex/Air        ####......   16%         5    ###....
 Leda's Liquefaction      Hex/Erth       ###.......   28%         4    None
 Passage of Golubria      Tloc           N/A          28%         4    None
 Summon Forest            Summ/Tloc      ####......   28%         5    ###....
 Lee's Rapid Deconstruct  Erth           ###.......   61%         5    ###....
 Starburst                Conj/Fire      ######....   1%          6    #####..
 Conjure Ball Lightning   Conj/Air       ######....   3%          6    #####..
 Orb of Destruction       Conj           ######....   3%          7    ######.
 Iron Shot                Conj/Erth      #####.....   16%         6    #####..
 Spellforged Servitor     Conj/Summ      ######....   32%         7    ######.
 Eringya's Noxious Bog    Tmut/Pois      ####......   58%         6    #####..
 Simulacrum               Ice/Necr       ####......   58%         6    #####..
 Deflect Missiles         Chrm/Air       ####......   61%         6    #####..
 Chain Lightning          Conj/Air       ######....   77%         8    #######
 Monstrous Menagerie      Summ           #####.....   95%         7    ######.
 Death Channel            Necr           ###.......   98%         6    #####..
 Invisibility             Hex            ###.....     98%         6    #####..
 Lehudib's Crystal Spear  Conj/Erth      #####.....   99%         8    #######
 Haunt                    Necr/Summ      ####......   100%        7    ######.
 Discord                  Hex            ###.......   100%        8    #######
 Necromutation            Tmut/Necr      ###.......   100%        8    #######
 Absolute Zero            Ice            #####.....   100%        9    #######
 Dragon's Call            Summ           #####.....   100%        9    #######
 Fire Storm               Conj/Fire      ######....   100%        9    #######


Dungeon Overview and Level Annotations

Branches:
Dungeon (1/1)

Altars:
Cheibriados
Dithmenos
Elyvilon
Fedhas
Gozag
Hepliaklqana
Kikubaaqudgha
Makhleb
Nemelex Xobeh
Okawaru
Qazlal
Ru
Sif Muna
Trog
Uskayaw
Vehumet
Wu Jian
Xom
Yredelemnul
Zin
The Shining One
Beogh
Jiyva
Lugonu

Shops:
D *=((


Innate Abilities, Weirdness & Mutations

You are resistant to torment.
Your stone body is resilient. (AC +9)
You are immune to poison.
You resist negative energy. (rN+)
You are resistant to electric shocks. (rElec)
You can survive without breathing.
You are immune to petrification.
You are immune to rotting.


Message History

The naga sharpshooter is engulfed in freezing vapours.
The naga sharpshooter casts a spell.
The naga sharpshooter magically shoots a bolt.
The bolt hits you!
The naga sharpshooter is engulfed in freezing vapours.
The naga sharpshooter gestures wildly while chanting.
The naga sharpshooter magically shoots a bolt.
The bolt hits you!
You are too injured to fight recklessly!
Firing (i - inventory. (/) - cycle)
h - 123 arrows (quivered)
Press: ? - help, Shift-Dir - straight line, f/p - naga sharpshooter
Aim: a naga sharpshooter, wielding a +0 arbalest, wearing a +0 robe and quivering 26 bolts (freezing vapour, almost dead)
You shoot an arrow. The arrow hits the naga sharpshooter.
The arrow burns the naga sharpshooter.
You kill the naga sharpshooter!
Sif Muna accepts your kill.
You are engulfed in freezing vapours.
* * * LOW HITPOINT WARNING * * *
You close the door.
You are engulfed in freezing vapours.
You die...

▓▓▓▓▓▓▓▓▓▓▓▓▓▓▓▓▓♣♣♣♣♣♣♣
§§§§§§+@S.....÷))).)....
▓▓▓▓▓▓▓▓▓▓▓▓▓▓▓▓▓▓▓▓▓▓▓▓▓▓♣♣♣♣♣♣♣
...........÷...).................
▓▓▓▓▓▓▓▓▓▓▓▓▓▓▓▓▓▓▓▓▓▓▓▓▓▓▓▓▓▓▓▓▓
..'...........).))'[.........[[[[
▓▓▓▓▓▓▓▓▓▓▓▓▓▓▓▓▓▓▓▓▓▓▓▓▓▓▓▓▓▓▓▓▓
.......................).....(...
▓▓▓▓▓▓▓▓▓▓▓▓▓▓▓▓▓▓▓▓▓▓▓▓▓▓▓▓▓▓▓▓▓
..'.....∩.∩.∩.∩).).)'[.....))).)÷


You could see a friendly ball python.

Vanquished Creatures
  A sphinx (D)
  Gastronok (D)
  Kirke (D)
  An emperor scorpion (D)
  A stone giant (D)
  Nessos (D)
  An ettin (D)
  2 merfolk javelineers (D)
  A merfolk impaler (D)
  A ghost crab (D)
  2 centaur warriors (D)
  2 catoblepae (D)
  Erica (D)
  A deep troll shaman (D)
  A deep troll earth mage (D)
  An orc high priest (D)
  A shock serpent (D)
  3 death yaks (D)
  A salamander mystic (D)
  A naga sharpshooter (D)
  3 orc knights (D)
  An ugly thing (D)
  8 orc sorcerers (D)
  A salamander (D)
  3 manticores (D)
  4 black mambas (D)
  An elephant (D)
  3 naga magi (D)
  2 komodo dragons (D)
  A spiny frog (D)
  A kobold demonologist (D)
  A merfolk (D)
  2 jumping spiders (D)
  A demonic crawler (D)
  A blink frog (D)
  2 hornets (D)
  A slime creature (D)
  A hippogriff (D)
  2 water elementals (D)
  4 yaks (D)
  2 hogs (D)
  A wyvern (D)
  Eustachio (D)
  A hungry ghost (D)
  2 vampire mosquitoes (D)
  Grum (D)
  4 water moccasins (D)
  3 porcupines (D)
  8 orc warriors (D)
  A sky beast (D)
  An ogre (D)
  2 centaurs (D)
  4 wolves (D)
  2 crocodiles (D)
  A bullfrog (D)
  A killer bee (D)
  A wight (D)
  3 orc priests (D)
  11 orc wizards (D)
  An adder (D)
  An adder skeleton (D)
  2 dart slugs (D)
  6 orcs (D)
  3 bat skeletons (D)
  A goblin (D)
  A hobgoblin (D)
  A jackal (D)
  A quokka zombie (D)
  A rat (D)
136 creatures vanquished.

Vanquished Creatures (collateral kills)
  A rakshasa (D)
  A shambling mangrove (D)
  A spriggan druid (D)
  A swamp dragon (D)
  2 wolf spiders (D)
  A spiny frog (D)
  A demonic crawler (D)
  2 jumping spiders (D)
  A wind drake (D)
  A vampire mosquito (D)
  An insubstantial wisp (D)
  A swamp drake (D)
14 creatures vanquished.

Vanquished Creatures (others)
  A spatial maelstrom (D)
  A hornet (D)
  A human (D)
  A hound (D)
4 creatures vanquished.

Grand Total: 154 creatures vanquished

Notes
Turn   | Place    | Note
-------+----------+-------------------------------------------
     0 | D        | MordorOrchid the Gargoyle Venom Mage began the quest for
                  | the Orb.
     0 | D        | Reached XP level 1. HP: 10/10 MP: 3/3
     5 | D        | Banished a spatial maelstrom
     9 | D        | Reached skill level 1 in Fighting
    17 | D        | Reached XP level 2. HP: 15/16 MP: 1/5
    58 | D        | Learned a level 2 spell: Poisonous Vapours
    72 | D        | Noticed a centaur
    89 | D        | Reached skill level 1 in Transmutations
    92 | D        | Reached skill level 1 in Air Magic
    92 | D        | Reached XP level 3. HP: 22/22 MP: 0/8
    98 | D        | Killed a centaur
    98 | D        | Reached skill level 5 in Spellcasting
    98 | D        | Reached skill level 5 in Poison Magic
    98 | D        | Reached XP level 4. HP: 21/29 MP: 0/11
    98 | D        | Reached XP level 5. HP: 24/33 MP: 0/12
   113 | D        | Found a roughly hewn altar of Beogh.
   113 | D        | Found a snail-covered altar of Cheibriados.
   113 | D        | Found a shadowy altar of Dithmenos.
   113 | D        | Found a white marble altar of Elyvilon.
   113 | D        | Found a blossoming altar of Fedhas.
   113 | D        | Found an opulent altar of Gozag.
   114 | D        | Found a hazy altar of Hepliaklqana.
   115 | D        | Found a viscous altar of Jiyva.
   116 | D        | Found an ancient bone altar of Kikubaaqudgha.
   117 | D        | Found a corrupted altar of Lugonu.
   118 | D        | Found a burning altar of Makhleb.
   119 | D        | Found a sparkling altar of Nemelex Xobeh.
   120 | D        | Found an iron altar of Okawaru.
   121 | D        | Found a stormy altar of Qazlal.
   122 | D        | Found a sacrificial altar of Ru.
   123 | D        | Found a shimmering blue altar of Sif Muna.
   124 | D        | Found a bloodstained altar of Trog.
   125 | D        | Found a hide-covered altar of Uskayaw.
   126 | D        | Found a radiant altar of Vehumet.
   127 | D        | Found an ornate altar of the Wu Jian Council.
   128 | D        | Found a shimmering altar of Xom.
   129 | D        | Found a basalt altar of Yredelemnul.
   130 | D        | Found a glowing silver altar of Zin.
   131 | D        | Became a worshipper of Sif Muna the Loreminder
   132 | D        | Found a glowing golden altar of the Shining One.
   177 | D        | Learned a level 3 spell: Mephitic Cloud
   181 | D        | Learned a level 3 spell: Ignite Poison
   186 | D        | Learned a level 4 spell: Olgreb's Toxic Radiance
   234 | D        | Noticed a sky beast
   234 | D        | Noticed an ogre
   234 | D        | Noticed a centaur
   239 | D        | Killed a centaur
   239 | D        | Reached skill level 2 in Conjurations
   239 | D        | Reached skill level 1 in Evocations
   243 | D        | Reached * piety under Sif Muna
   248 | D        | Killed an ogre
   248 | D        | Reached skill level 5 in Dodging
   248 | D        | Reached XP level 6. HP: 37/38 MP: 4/15
   259 | D        | Killed a sky beast
   310 | D        | Noticed a hippogriff
   310 | D        | Noticed a centaur warrior
   310 | D        | Noticed a hungry ghost
   312 | D        | Reached ** piety under Sif Muna
   314 | D        | Killed a hungry ghost
   314 | D        | Reached skill level 5 in Evocations
   314 | D        | Reached XP level 7. HP: 40/43 MP: 16/16
   318 | D        | Killed a centaur warrior
   318 | D        | Reached XP level 8. HP: 15/48 MP: 6/17
   321 | D        | Killed a hippogriff
   321 | D        | Reached *** piety under Sif Muna
   321 | D        | Reached skill level 5 in Fighting
   481 | D        | Noticed a yak
   481 | D        | Noticed a black mamba
   481 | D        | Noticed a spiny frog
   485 | D        | Killed a black mamba
   485 | D        | Reached XP level 9. HP: 50/56 MP: 12/21
   485 | D        | Killed a spiny frog
   490 | D        | Reached **** piety under Sif Muna
   496 | D        | Noticed a black mamba
   503 | D        | Killed a black mamba
   508 | D        | Reached ***** piety under Sif Muna
   508 | D        | Identified Urinwac's Handbook of Flames and Transmutation
                  | (Sif Muna gifted it to you in the Dungeon)
   508 | D        | Received a gift from Sif Muna
   508 | D        | Reached skill level 10 in Spellcasting
   517 | D        | Learned a level 2 spell: Sticks to Snakes
   563 | D        | Noticed a komodo dragon
   563 | D        | Noticed an elephant
   572 | D        | Killed an elephant
   572 | D        | Reached skill level 3 in Conjurations
   572 | D        | Reached XP level 10. HP: 65/66 MP: 7/24
   576 | D        | Reached skill level 4 in Conjurations
   584 | D        | Identified Sif Muna's Catalogue of the Entourage (Sif Muna
                  | gifted it to you in the Dungeon)
   584 | D        | Received a gift from Sif Muna
   584 | D        | Reached skill level 5 in Conjurations
   588 | D        | Reached skill level 10 in Fighting
   610 | D        | Learned a level 2 spell: Call Imp
   610 | D        | Noticed a death yak
   610 | D        | Noticed a catoblepas
   610 | D        | Noticed a death yak
   616 | D        | Noticed a death yak
   617 | D        | Noticed a catoblepas
   624 | D        | Killed a death yak
   624 | D        | Reached skill level 10 in Dodging
   624 | D        | Reached skill level 6 in Conjurations
   624 | D        | Reached skill level 5 in Fire Magic
   628 | D        | Killed a catoblepas
   628 | D        | Reached skill level 7 in Conjurations
   630 | D        | Killed a death yak
   630 | D        | Reached skill level 8 in Conjurations
   639 | D        | Killed a death yak
   639 | D        | Reached skill level 9 in Conjurations
   639 | D        | Reached XP level 11. HP: 45/72 MP: 12/25
   642 | D        | Killed a catoblepas
   642 | D        | Identified Henotits's Almanac of Feathers (Sif Muna gifted
                  | it to you in the Dungeon)
   642 | D        | Received a gift from Sif Muna
   642 | D        | Reached skill level 10 in Conjurations
   710 | D        | Learned a level 4 spell: Summon Lightning Spire
   716 | D        | Learned a level 5 spell: Lightning Bolt
   757 | D        | Noticed Gastronok
   768 | D        | Killed Gastronok
   768 | D        | Reached skill level 10 in Fire Magic
   831 | D        | Identified Sif Muna's Compendium of Icy Flight (Sif Muna
                  | gifted it to you in the Dungeon)
   831 | D        | Received a gift from Sif Muna
   890 | D        | Learned a level 4 spell: Hailstorm
   892 | D        | Identified Sif Muna's Handbook of Stolen Souls and
                  | Bewitchment (Sif Muna gifted it to you in the Dungeon)
   892 | D        | Received a gift from Sif Muna
   893 | D        | Reached skill level 5 in Summonings
   893 | D        | Reached skill level 5 in Air Magic
   895 | D        | Noticed an orc knight
   898 | D        | Noticed an orc knight
   919 | D        | Killed an orc knight
   930 | D        | Killed an orc knight
   932 | D        | Identified Sif Muna's Volume of Supportive Confrontation
                  | (Sif Muna gifted it to you in the Dungeon)
   932 | D        | Received a gift from Sif Muna
   966 | D        | Noticed an orc high priest
   987 | D        | Killed an orc high priest
   987 | D        | Reached skill level 11 in Conjurations
  1015 | D        | Noticed an orc sorcerer
  1024 | D        | Killed an orc sorcerer
  1079 | D        | Found Ulokext's Weapon Boutique.
  1079 | D        | Noticed an orc sorcerer
  1079 | D        | Noticed an orc sorcerer
  1079 | D        | Noticed an orc sorcerer
  1081 | D        | Killed an orc sorcerer
  1081 | D        | Reached skill level 1 in Ice Magic
  1083 | D        | Reached ****** piety under Sif Muna
  1084 | D        | Killed an orc sorcerer
  1084 | D        | Identified Sif Muna's Compendium of Combat Magic (Sif Muna
                  | gifted it to you in the Dungeon)
  1084 | D        | Received a gift from Sif Muna
  1084 | D        | Reached XP level 12. HP: 77/77 MP: 4/27
  1106 | D        | Reached skill level 12 in Conjurations
  1144 | D        | Found Xutopnoz's Weapon Shop.
  1177 | D        | Identified Sif Muna's Guide on Enhancements and Execration
                  | (Sif Muna gifted it to you in the Dungeon)
  1177 | D        | Received a gift from Sif Muna
  1209 | D        | Found Riurar's Jewellery Boutique.
  1213 | D        | Found Kiwkum's General Store.
  1222 | D        | Bought a potion of degeneration for 12 gold pieces
  1223 | D        | Bought 2 scrolls of immolation for 84 gold pieces
  1223 | D        | Bought a scroll of random uselessness for 12 gold pieces
  1239 | D        | Noticed Grum
  1245 | D        | Killed Grum
  1294 | D        | Noticed Eustachio
  1300 | D        | Killed Eustachio
  1527 | D        | Bought a scroll of identify for 24 gold pieces
  1527 | D        | Bought a ration for 60 gold pieces
  1531 | D        | Bought a +6 short sword of speed for 533 gold pieces
  1534 | D        | Bought 18 arrows for 36 gold pieces
  1534 | D        | Bought 22 arrows for 44 gold pieces
  1538 | D        | Bought an uncursed ring of fire for 275 gold pieces
  1671 | D        | Noticed a centaur warrior
  1674 | D        | Killed a centaur warrior
  1675 | D        | Identified Sif Muna's Compendium of the Ashen Compass (Sif
                  | Muna gifted it to you in the Dungeon)
  1675 | D        | Received a gift from Sif Muna
  1681 | D        | Noticed a deep troll shaman
  1683 | D        | Reached skill level 5 in Armour
  1683 | D        | Noticed a deep troll earth mage
  1691 | D        | Killed a deep troll shaman
  1701 | D        | Killed a deep troll earth mage
  1701 | D        | Noticed a rakshasa
  1753 | D        | Killed a rakshasa
  1783 | D        | Noticed an ettin
  1790 | D        | Killed an ettin
  1790 | D        | Identified Sif Muna's Handbook of Attacks (Sif Muna gifted
                  | it to you in the Dungeon)
  1790 | D        | Received a gift from Sif Muna
  1851 | D        | Noticed a stone giant
  2052 | D        | Learned a level 6 spell: Freezing Cloud
  2091 | D        | Killed a stone giant
  2151 | D        | Noticed a sphinx
  2155 | D        | Killed a sphinx
  2155 | D        | Reached skill level 13 in Conjurations
  2155 | D        | Reached skill level 5 in Ice Magic
  2155 | D        | Reached XP level 13. HP: 63/82 MP: 13/29
  2220 | D        | Learned a level 5 spell: Irradiate
  2298 | D        | Noticed Nessos
  2305 | D        | Killed Nessos
  2440 | D        | Noticed Kirke
  2462 | D        | Killed Kirke
  2520 | D        | Noticed Erica
  2524 | D        | Killed Erica
  2524 | D        | Identified Sif Muna's Papyrus of Helpful Execration (Sif
                  | Muna gifted it to you in the Dungeon)
  2524 | D        | Received a gift from Sif Muna
  2644 | D        | Noticed an emperor scorpion
  2648 | D        | Reached skill level 14 in Conjurations
  2652 | D        | Killed an emperor scorpion
  2661 | D        | Identified Sif Muna's Volume of Combat Magic and
                  | Transmigration (Sif Muna gifted it to you in the Dungeon)
  2661 | D        | Received a gift from Sif Muna
  2694 | D        | Identified Sif Muna's Collected Works on Translocation and
                  | Confrontation (Sif Muna gifted it to you in the Dungeon)
  2694 | D        | Received a gift from Sif Muna
  2711 | D        | Reached skill level 15 in Conjurations
  2867 | D        | Noticed a merfolk javelineer
  2867 | D        | Noticed a merfolk javelineer
  2877 | D        | Killed a merfolk javelineer
  2884 | D        | Killed a merfolk javelineer
  2884 | D        | Identified Sif Muna's Collected Works on the Supportive
                  | Oath (Sif Muna gifted it to you in the Dungeon)
  2884 | D        | Received a gift from Sif Muna
  2894 | D        | Noticed a merfolk impaler
  2906 | D        | Killed a merfolk impaler
  2994 | D        | Identified Sif Muna's Guide on the Shifting Glacier (Sif
                  | Muna gifted it to you in the Dungeon)
  2994 | D        | Received a gift from Sif Muna
  2995 | D        | Reached skill level 15 in Spellcasting
  3002 | D        | Reached skill level 16 in Conjurations
  3010 | D        | Engulfed by a cloud of freezing vapour

Levels and vault maps discovered:
D:        linesprint [early_d, line_temple, items_1, d_10, items_2, lair_1,
          lair_end, items_3, orc_1, orc_end, items_4, d_15, swamp_1, shoals_1,
          snake_1, spider_1, d_20, vaults_1, items_5, swamp_end, shoals_end,
          snake_end, spider_end, vaults_end, d_27, items_6, zot_1, zot_end,
          crypt_end, forest_end, elf_end, slime_end, tomb_end, abyss_end,
          pan_hell_end]

Skill      XL: |  1  2  3  4  5  6  7  8  9 10 11 12 13 |
---------------+----------------------------------------+-----
Fighting       | 1 2 3 4 6 9 10 | 10.1
Dodging        | 2 3 5 6 7 9 10 12 13 | 13.1
Stealth        | 3 |  3.0
Spellcasting   | 3 5 6 8 10 11 12 15 | 15.2
Transmutations | 1 2 |  2.4
Air Magic      | 1 2 7 8 |  8.1
Poison Magic   | 4 5 6 |  6.2
Conjurations   | 2 3 9 11 13 16 | 16.1
Evocations     | 3 5 8 9 |  9.1
Invocations    | 3 8 9 |  9.0
Fire Magic     | 2 9 10 11 | 11.1
Summonings     | 5 |  5.0
Ice Magic      | 1 5 8 |  8.5
Armour         | 9 |  9.2

Action                   |  1- 3 |  4- 6 |  7- 9 | 10-12 | 13-15 || total
-------------------------+-------+-------+-------+-------+-------++-------
Melee: Unarmed           |     1 |       |       |       |     8 ||     9
       Dagger            |    23 |     2 |       |     3 |       ||    28
       Halberd           |       |    16 |       |       |       ||    16
       Scimitar          |       |     1 |       |       |     1 ||     2
       Staff             |       |       |     1 |       |     2 ||     3
       Short sword       |       |       |       |     2 |       ||     2
 Fire: Longbow           |       |       |       |       |     2 ||     2
 Cast: Sting             |     7 |     1 |     8 |    33 |     4 ||    53
       Poisonous Vapours |     2 |       |       |    11 |     2 ||    15
       Mephitic Cloud    |       |     2 |     8 |    32 |    10 ||    52
       Olgreb's Toxic Ra |       |       |     2 |    15 |     3 ||    20
       Ignite Poison     |       |       |     7 |    31 |     5 ||    43
       Lightning Bolt    |       |       |       |    30 |    22 ||    52
       Freezing Cloud    |       |       |       |     4 |     6 ||    10
       Summon Lightning  |       |       |       |     1 |     2 ||     3
       Hailstorm         |       |       |       |     1 |       ||     1
       Sticks to Snakes  |       |       |       |       |     3 ||     3
       Dragon's Call     |       |       |       |       |     1 ||     1
       Irradiate         |       |       |       |       |     1 ||     1
Invok: Channel Magic     |       |       |     1 |    10 |     5 ||    16
       Forget Spell      |       |       |       |     1 |       ||     1
       Divine Exegesis   |       |       |       |       |     1 ||     1
Evoke: Wand              |       |     2 |     1 |       |     2 ||     5
       Staff of energy   |       |       |       |    81 |    29 ||   110
  Use: Potion            |     2 |     1 |       |     1 |     1 ||     5
       Scroll            |       |       |       |     1 |       ||     1
 Stab: Sleeping          |     2 |       |       |       |       ||     2
       Petrified         |       |       |       |     3 |       ||     3
       Confused          |       |       |       |       |     1 ||     1
  Eat: Chunk             |       |       |     2 |    11 |     4 ||    17
       Ration            |       |       |       |     1 |     1 ||     2
Armor: Robe              |     8 |     6 |     2 |    12 |       ||    28
       Swamp dragon scal |       |       |       |     5 |    21 ||    26
Dodge: Dodged            |    13 |    11 |     7 |    22 |    34 ||    87
       Rpst.: Scimitar   |       |     1 |       |       |       ||     1

Table legend:
 A = Non-vault XP
 B = Vault XP
 C = Vault XP percentage of total XP
 D = Non-vault monster count
 E = Vault monster count
 F = Vault count percentage of total count
                 A         B        C        D         E       F
            +---------+---------+-------+---------+---------+-------
      Total |     429 |   51930 |  99.2 |       3 |     148 |  98.0
            +---------+---------+-------+---------+---------+-------
          D |     429 |   51930 |  99.2 |       3 |     148 |  98.0
            +---------+---------+-------+---------+---------+-------
